 Dungeon Crawl Stone Soup version 0.31.0-11-ge490571c62 (webtiles) character file.

Game seed: 9653201042410017404

273 Gadfly the Ruffian (level 6, 0/47 (50) HPs)
             Began as a Draconian Shapeshifter on Jan 26, 2024.
             Slain by an orc
             ... wielding a +0 short sword
              (2 damage)
             ... on level 4 of the Dungeon.
             The game lasted 00:06:24 (3083 turns).

Gadfly the Ruffian (Draconian Shapeshifter)         Turns: 3083, Time: 00:06:24

HP:   0/47 (50)     AC:  2    Str: 24    XL:     6   Next: 2%
MP:   6/6           EV: 12    Int: 11    God:
Gold: 126           SH:  0    Dex: 10    Spells: 5/5 levels left

rFire   . .          .
                       - Unarmed
rCold   . . .        (no shield)
rNeg    . . .        (body armour unavailable)
rPois   +            (helmet currently unavailable)
rElec   .            (cloak currently unavailable)
rCorr   .            g - melded +0 pair of gloves
SInv    .            (boots currently unavailable)
Will    .....        (no amulet)
Stlth   +            m - ring of poison resistance
HPRegen 0.27/turn    l - +6 ring of strength
MPRegen 0.10/turn

%: no passive effects
@: beast-form, corroded, drained
A: beast (slay +2), AC +6, unfitting armour, cold-blooded
a: Begin Untransformation


You were on level 4 of the Dungeon.
You were a hulking beast.
You visited 1 branch of the dungeon, and saw 4 of its levels.

You collected 126 gold pieces.

Inventory:

Hand Weapons
 i - a +3 trident
Armour
 g - a +0 pair of gloves (melded)
Jewellery
 f - a ring of willpower
 l - a +6 ring of strength (right hand)
 m - a ring of poison resistance (left hand)
Talismans
 b - a beast talisman (active)
 c - a flux talisman
Scrolls
 h - a scroll of poison
 k - a scroll of teleportation
Potions
 a - a potion of lignification
 d - 4 potions of curing
 e - a potion of heal wounds
 j - a potion of brilliance {unknown}


   Skills:
 + Level 2.7 Fighting
 * Level 3.3 Dodging
 + Level 3.7 Unarmed Combat
 * Level 3.0 Evocations
 + Level 3.5 Shapeshifting


You had 5 spell levels left.
You didn't know any spells.
Your spell library contained the following spells:

 Spells                   Type           Power      Damage    Failure   Level
 Summon Ice Beast         Ice/Summ       0%         N/A       71%         3
 Tukima's Dance           Hex            0%         N/A       71%         3
 Passage of Golubria      Tloc           0%         N/A       98%         4
 Summon Mana Viper        Hex/Summ       0%         N/A       100%        5
 Yara's Violent Unravell  Hex/Alch       0%         3d3       100%        5
 Monstrous Menagerie      Summ           0%         N/A       100%        7


Dungeon Overview and Level Annotations

Branches:
Dungeon (4/15)
 Temple: D:4-7

Altars:


Innate Abilities, Weirdness & Mutations

You are a hulking beast.
Your limbs bulge with bestial killing power. (Slay +2)
Your plain brown scales are hard. (AC +6)
You cannot fit into any form of body armour.
You are cold-blooded and may be slowed by cold attacks.


Message History

The orc barely misses you.
The orc hits you with a +1 short sword of draining.
You feel drained. The jelly closely misses you.
You punch the jelly!
Your hands burn!
You tail-slap the jelly.
You kill the jelly!
The orc hits you with a +0 short sword.
* * * LOW HITPOINT WARNING * * *
The orc closely misses you.
Your life force feels restored.
Your Evocations skill increases to level 3!
You have reached level 6!
Your scales feel tougher.
You hit the orc but do no damage.
The orc hits you with a +1 short sword of draining.
* * * LOW HITPOINT WARNING * * *
You feel drained. The orc hits you with a +0 short sword.
* * * LOW HITPOINT WARNING * * *
Unknown command.
You barely miss the orc. You punch the orc.
The orc is severely wounded.
The orc misses you. The orc closely misses you.
You closely miss the orc.
The orc is severely wounded.
The orc closely misses you. The orc hits you with a +0 short sword.
* * * LOW HITPOINT WARNING * * *
Unknown command.
You hit the orc.
Your tail-slap misses the orc.
The orc is almost dead.
The orc barely misses you.
The orc hits you with a +1 short sword of draining.
* * * LOW HITPOINT WARNING * * *
You feel drained.
You hit the orc but do no damage.
The orc is almost dead.
The orc hits you with a +1 short sword of draining.
* * * LOW HITPOINT WARNING * * *
You feel drained.
* * * LOW HITPOINT WARNING * * *
The orc hits you with a +0 short sword.
You die...

#.......##...........
#........#....#......
......................
......................
.....................
##....##........##...
..... #........#. ..
.##< #).......... ..
##h)......... ..
#oo....#.... #
#.........##
.........##
..#.#.....#
..###...... o.. ......
.#. ....


You could see 2 orcs.

Vanquished Creatures
  A jelly (D:4)
  A sleepcap (D:3)
  Terence (D:3)
  An orc wizard (D:4)
  5 gnolls
  4 adders
  3 dart slugs
  5 orcs
  6 bats
  8 endoplasms
  A giant cockroach (D:1)
  6 goblins
  4 hobgoblins
  5 jackals
  4 kobolds
  2 quokkas (D:3)
  5 ball pythons
  2 frilled lizards
  11 rats
75 creatures vanquished.

Notes
Turn   | Place    | Note
-------+----------+-------------------------------------------
     0 | D:1      | Gadfly the Draconian Shapeshifter began the quest for the
                  | Orb.
     0 | D:1      | Reached XP level 1. HP: 16/16 MP: 1/1
   116 | D:1      | Reached XP level 2. HP: 23/23 MP: 2/2
   256 | D:1      | Reached skill level 1 in Evocations
   395 | D:1      | Reached XP level 3. HP: 28/29 MP: 3/3
  1005 | D:2      | Reached XP level 4. HP: 34/36 MP: 4/4
  2196 | D:3      | Noticed Terence
  2210 | D:3      | Reached XP level 5. HP: 25/42 MP: 5/5
  2223 | D:3      | Killed Terence
  2725 | D:3      | Identified the +1 dagger of Vadour {flame, Int+3}
  3079 | D:4      | Reached XP level 6. HP: 14/50 MP: 6/6
  3083 | D:4      | HP: 2/47 [orc/+1 short sword of draining (1)]
  3083 | D:4      | Slain by an orc

Illustrated notes

Levels and vault maps discovered:
D:1:      lightli_arrival_lavapool, layout_loops_ring
D:2:      layout_basic
D:3:      layout_rooms, serial_aquarium, aquarium_bridge_square
          [aquarium_subvault_bridge, aquarium_subvault_wall,
          aquarium_subvault_window, aquarium_subvault_bridge],
          aquarium_bridge_straight [aquarium_subvault_bridge,
          aquarium_subvault_window, aquarium_subvault_bridge,
          aquarium_subvault_window], aquarium_window_2, aquarium_window_1,
          aquarium_window_fake, aquarium_window_2, aquarium_view_2d,
          aquarium_view_2g, aquarium_pool_1, minmay_diced_spiral, uniq_terence
D:4:      layout_cave_pools, mainiacjoe_sewer_entry_somewhere_in_here_1

Skill      XL: |  1  2  3  4  5 |
---------------+----------------+-----
Dodging        | 2 3 |  3.3
Evocations     | 1 2 3 |  3.0
Fighting       | 2 |  2.7
Unarmed Combat | |  3.7
Shapeshifting  | |  3.5

Action                     |  1- 3 |  4- 6 || total
---------------------------+-------+-------++-------
  Melee: Unarmed           |   105 |   131 ||   236
         Tailslap          |     9 |    20 ||    29
         Punch             |     2 |     2 ||     4
Ability: Begin Untransform |     1 |       ||     1
    Use: Scroll            |     3 |     5 ||     8
         Potion            |       |     1 ||     1
 Armour: Skin              |    55 |    91 ||   146
  Dodge: Dodged            |    65 |    91 ||   156
   Form: Beast             |     1 |       ||     1
         Flux              |     1 |       ||     1
